 Dungeon Crawl Stone Soup version 0.24-a0-535-gbb0d440638 (webtiles) character file.

Game seed: 10415921372474749902

7405 GordonOverkill the Thaumaturge (level 11, 0/70 (71) HPs)
             Began as a Merfolk Fire Elementalist on Aug 10, 2019.
             Was an Elder of Sif Muna.
             Slain by a hippogriff (9 damage)
             ... on level 1 of the Lair of Beasts.
             The game lasted 00:32:28 (11450 turns).

GordonOverkill the Thaumaturge (MfFE)              Turns: 11450, Time: 00:32:29

HP:   0/70 (71)     AC:  4    Str:  8      XL:     11   Next: 14%
MP:   1/23          EV: 16    Int: 17      God:    Sif Muna [****..]
Gold: 613           SH:  0    Dex: 18 (19) Spells: 14/27 levels left

rFire    . . .     SeeInvis .   n - +0 dagger (venom)
rCold    . . .     Gourm    .   (no shield)
rNeg     . . .     Faith    .   a - +0 robe
rPois    +         Spirit   .   (no helmet)
rElec    .         Reflect  .   (no cloak)
rCorr    .         Harm     .   G - +1 pair of gloves {Dex+3}
MR       +....                  (no boots)
Stlth    ++........             d - amulet of regeneration
HPRegen  0.61/turn              u - ring of protection from magic
MPRegen  0.18/turn              q - ring of poison resistance

@: lethally poisoned (0 -> -1), very slightly contaminated, heavily drained
A: change form in water, swift swim, stealthy swim, deterioration 1, frail 1,
MP-powered wands
a: Channel Magic, Forget Spell, Divine Exegesis, Renounce Religion


You were on level 1 of the Lair of Beasts.
You worshipped Sif Muna.
Sif Muna was greatly pleased with you.
You were very hungry.

You visited 2 branches of the dungeon, and saw 11 of its levels.
You also visited: Sewer.

You collected 613 gold pieces.

Inventory:

Hand Weapons
 h - a +0 mace of holy wrath
 n - a +0 dagger of venom (weapon)
 s - a +1 flail of protection
 B - a +2 flail of venom
Missiles
 F - a throwing net
 Q - a silver javelin (quivered)
 S - 3 boomerangs
Armour
 a - a +0 robe (worn)
 l - the +2 cloak "Noughimn" {-Tele rPois Str+5 Int+4}
   (You found it on level 4 of the Dungeon)

   It affects your strength (+5).
   It affects your intelligence (+4).
   It protects you from poison.
   It prevents most forms of teleportation.
 G - a +1 pair of gloves of dexterity (worn)
Jewellery
 d - an amulet of regeneration (around neck)
 f - an uncursed ring of positive energy
 k - an uncursed amulet of the acrobat {unknown}
 q - a ring of poison resistance (right hand)
 t - an uncursed amulet of the gourmand
 u - a ring of protection from magic (left hand)
 E - an uncursed ring of protection from fire
Wands
 r - a wand of iceblast (9)
 D - a wand of paralysis (1)
 T - a wand of polymorph (7)
Scrolls
 i - 2 scrolls of enchant weapon
 j - 2 scrolls of remove curse
 m - a scroll of immolation
 v - 3 scrolls of teleportation
 y - a scroll of fog
 A - 2 scrolls of fear
 C - a scroll of magic mapping
 J - 2 scrolls of enchant armour {unknown}
 K - a scroll of amnesia {unknown}
 N - a scroll of torment {unknown}
 O - a scroll of holy word {unknown}
 R - a scroll of brand weapon {unknown}
Potions
 b - a potion of mutation
 e - a potion of flight
 o - 2 potions of lignification
 p - 7 potions of curing
 w - a potion of resistance
 x - 2 potions of cancellation
 z - 2 potions of brilliance
 H - a potion of ambrosia {unknown}
 I - a potion of magic {unknown}
 L - a potion of might
 P - a potion of haste {unknown}
Comestibles
 c - 20 rations


   Skills:
 - Level 5.0(3.8) Fighting
 + Level 6.4(5.2) Dodging
 - Level 3.0(1.8) Stealth
 + Level 8.5(7.1) Spellcasting
 - Level 7.0(5.7) Conjurations
 - Level 7.0(5.7) Fire Magic
 + Level 3.8(2.6) Invocations


You had 14 spell levels left.
You knew the following spells:

 Your Spells              Type           Power        Failure   Level  Hunger
a - Flame Tongue          Conj/Fire      ####.        1%          1    None
b - Conjure Flame         Conj/Fire      ####....     3%          3    ##.....
c - Sticky Flame          Conj/Fire      ####....     11%         4    ####...
d - Blink                 Tloc           N/A          17%         2    None
e - Mephitic Cloud        Conj/Pois/Air  ##......     16%         3    ##.....

Your spell library contained the following spells:

 Spells                   Type           Power        Failure   Level  Hunger
 Magic Dart               Conj           ####         1%          1    None
 Throw Flame              Conj/Fire      ####..       1%          2    None
 Inner Flame              Hex/Fire       ###.....     11%         3    ##.....
 Call Imp                 Summ           #.......     17%         2    None
 Slow                     Hex            #.......     17%         2    None
 Fireball                 Conj/Fire      ####......   30%         5    #####..


Dungeon Overview and Level Annotations

Branches:
Dungeon (10/15)            Temple (0/1) D:7            Lair (1/6) D:9
    Orc: D:9-12

Altars:
Dithmenos
Fedhas
Gozag
Kikubaaqudgha
Makhleb
Okawaru
Qazlal
Ru
Sif Muna
Trog
Wu Jian
Xom
Yredelemnul
Zin
The Shining One

Shops:
D:8 (

Annotations:
D:9 3 runed translucent doors, Execuda's ghost, novice MiAs; bmj180's ghost, journeyman GrEE; kroki's ghost, journeyman FoHu
D:10 Nergalle


Innate Abilities, Weirdness & Mutations

You revert to your normal form in water.
You are very nimble and swift while swimming.
You are very stealthy in the water. (Stealth+)
Your body sometimes deteriorates upon taking damage.
You are frail. (-10% HP)
You expend magic power (3 MP) to strengthen your wands.


Message History

You feel sick.
The bullfrog burns!
The bullfrog barely misses you.
You feel sick.
The bullfrog burns!
The bullfrog hits you.
You feel sick.
The bullfrog burns!
The bullfrog stops burning.
Casting: Sticky Flame (safe; 11% risk of failure)
Confirm with . or Enter, or press ? or * to list all spells.
Aiming: Sticky Flame (safe; 11% risk of failure)
Press: ? - help, Shift-Dir - straight line, f/p - bullfrog
Aim: a bullfrog (almost dead, poisoned)
You miscast Sticky Flame.
Sparks fly from your hands!
You feel sick.
You kill the bullfrog!
Sif Muna accepts your kill.
The hippogriff bites you but does no damage.
The hippogriff pecks you!
* * * LOW HITPOINT WARNING * * *
The hippogriff claws you!
* * * LOW HITPOINT WARNING * * *
Casting: Sticky Flame (safe; 11% risk of failure)
Confirm with . or Enter, or press ? or * to list all spells.
You blink.
You feel sick. The hippogriff bites you!
You die...

#.......................
#.......................
#.......................
##.......................
#.....<..................
##.......................
#P....####...............
##...#.#........h#####+##
#....#........@.#
#...##..##....†H## #...
#..#P.....§.# #...
#..........## #...
#...........#
#...###.#.......##
#...#.#.##......#
...............####.##
......................


You could see a hippogriff and a black bear.

Vanquished Creatures
  Harold (D:7)
  2 two-headed ogres
  A troll (D:9)
  A hippogriff (D:8)
  Sigmund (D:2)
  5 yaks (D:9)
  A water moccasin (Lair:1)
  An orc warrior (D:7)
  A sky beast (D:7)
  5 ice beasts
  An eye of draining (D:9)
  6 ogres
  A necrophage (D:10)
  2 centaurs (D:9)
  Blork the orc (D:4)
  4 big kobolds
  5 bullfrogs
  A water moccasin skeleton (D:4)
  A wyvern skeleton (D:7)
  5 scorpions
  A wight (D:10)
  2 vampire bats (D:5)
  2 howler monkeys
  4 crimson imps
  2 bullfrog zombies
  7 jellies
  5 orc priests
  2 bullfrog skeletons
  6 hounds
  4 orc wizards
  3 iguanas
  4 worker ants
  3 gnolls (D:4)
  12 adders
  A river rat (D:6)
  10 oozes
  An adder zombie (D:7)
  An adder skeleton (D:9)
  6 worms
  2 dart slugs
  9 leopard geckos
  9 orcs
  5 ball pythons
  2 bat skeletons (D:5)
  2 bat zombies (D:5)
  7 giant cockroaches
  7 goblins
  5 hobgoblins
  11 jackals
  30 kobolds
  4 quokkas
  4 bats
  3 frilled lizards
  A leopard gecko zombie (D:6)
  7 rats
230 creatures vanquished.

Vanquished Creatures (others)
  4 withered plants (D:9)
4 creatures vanquished.

Grand Total: 234 creatures vanquished

Notes
Turn   | Place    | Note
-------+----------+-------------------------------------------
     0 | D:1      | GordonOverkill the Merfolk Fire Elementalist began the
                  | quest for the Orb.
     0 | D:1      | Reached XP level 1. HP: 13/13 MP: 3/3
   160 | D:1      | Reached skill level 1 in Conjurations
   160 | D:1      | Reached XP level 2. HP: 16/19 MP: 1/5
   846 | D:2      | Reached XP level 3. HP: 24/24 MP: 2/6
  1079 | D:2      | Learned a level 3 spell: Conjure Flame
  1217 | D:2      | Noticed Sigmund
  1495 | D:2      | Reached XP level 4. HP: 30/30 MP: 1/7
  1554 | D:2      | Found a shadowy altar of Dithmenos.
  1934 | D:3      | Reached XP level 5. HP: 33/35 MP: 7/9
  2060 | D:3      | Noticed an ogre
  2081 | D:3      | Killed an ogre
  2081 | D:3      | Reached skill level 3 in Spellcasting
  2544 | D:3      | Found a shimmering blue altar of Sif Muna.
  2547 | D:3      | Reached XP level 6. HP: 41/41 MP: 7/10
  2587 | D:3      | Became a worshipper of Sif Muna the Loreminder
  2668 | D:3      | Gained mutation: You are frail. (-10% HP) [potion of
                  | mutation]
  2668 | D:3      | Gained mutation: Your body sometimes deteriorates upon
                  | taking damage. [potion of mutation]
  2668 | D:3      | Gained mutation: You expend magic power (3 MP) to
                  | strengthen your wands. [potion of mutation]
  2852 | D:4      | Reached skill level 1 in Invocations
  2940 | D:4      | Noticed Blork the orc
  2976 | D:4      | Found a stormy altar of Qazlal.
  3034 | D:4      | Reached XP level 7. HP: 18/41 MP: 2/12
  3122 | D:4      | Reached skill level 5 in Dodging
  3439 | D:4      | Reached * piety under Sif Muna
  3658 | D:4      | Got a spiked cloak
  3664 | D:4      | Identified the +2 cloak "Noughimn" {-Tele rPois Str+5
                  | Int+4} (You found it on level 4 of the Dungeon)
  3769 | D:4      | Reached skill level 4 in Spellcasting
  4029 | D:4      | Found a glowing golden altar of the Shining One.
  4084 | D:4      | Learned a level 4 spell: Sticky Flame
  4158 | D:2      | Killed Sigmund
  4158 | D:2      | Reached XP level 8. HP: 46/46 MP: 6/14
  4260 | D:4      | Found a stormy altar of Qazlal.
  4376 | D:4      | Killed Blork the orc
  4447 | D:4      | Found a glowing golden altar of the Shining One.
  4677 | D:5      | Entered Level 5 of the Dungeon
  4721 | D:5      | Found a bloodstained altar of Trog.
  4756 | D:5      | Reached skill level 1 in Fighting
  5134 | D:5      | Found an ancient bone altar of Kikubaaqudgha.
  5474 | D:5      | Found an opulent altar of Gozag.
  5650 | D:6      | Reached ** piety under Sif Muna
  5678 | D:6      | Reached skill level 5 in Spellcasting
  5678 | D:6      | Reached skill level 5 in Conjurations
  5695 | D:6      | Reached XP level 9. HP: 56/56 MP: 9/16
  5750 | D:6      | Reached skill level 5 in Fire Magic
  5932 | D:6      | Found a glowing drain.
  5936 | Sewer    | Entered a sewer
  6764 | D:6      | You fall into a shaft and drop 1 floor!
  6782 | D:7      | Learned a level 2 spell: Blink
  6969 | D:7      | Found a staircase to the Ecumenical Temple.
  7158 | D:7      | Noticed Harold
  7191 | D:7      | Killed Harold
  7191 | D:7      | Reached skill level 6 in Spellcasting
  7353 | D:7      | Reached *** piety under Sif Muna
  7620 | D:7      | Found a blossoming altar of Fedhas.
  7705 | D:7      | Found a shimmering altar of Xom.
  7707 | D:7      | Reached XP level 10. HP: 63/63 MP: 16/19
  7865 | D:7      | Found a basalt altar of Yredelemnul.
  8248 | D:8      | Found a basalt altar of Yredelemnul.
  8738 | D:8      | Noticed a two-headed ogre
  8749 | D:8      | Killed a two-headed ogre
  8749 | D:8      | Reached skill level 7 in Spellcasting
  9021 | D:8      | Found a burning altar of Makhleb.
  9164 | D:8      | Found Xois Gall's Weapon Shop.
  9336 | D:9      | Found a sacrificial altar of Ru.
  9487 | D:9      | Found a staircase to the Lair.
  9518 | D:9      | Found an iron altar of Okawaru.
  9648 | D:9      | Found a runed translucent gate.
  9661 | D:9      | Found a runed translucent gate.
  9703 | D:9      | Found a runed translucent gate.
  9704 | D:9      | Noticed bmj180's ghost (journeyman GrEE)
  9704 | D:9      | Noticed kroki's ghost (journeyman FoHu)
  9704 | D:9      | Noticed Execuda's ghost (novice MiAs)
  9718 | D:9      | Reached skill level 8 in Spellcasting
  9991 | D:9      | Reached skill level 5 in Fighting
 10156 | D:9      | Found a glowing silver altar of Zin.
 10156 | D:9      | Noticed an angel
 10751 | D:9      | Learned a level 3 spell: Mephitic Cloud
 10884 | D:10     | Entered Level 10 of the Dungeon
 10890 | D:10     | Noticed a two-headed ogre
 10901 | D:10     | Killed a two-headed ogre
 10901 | D:10     | Reached XP level 11. HP: 71/71 MP: 10/23
 11047 | D:10     | Reached **** piety under Sif Muna
 11229 | D:10     | Found an ornate altar of the Wu Jian Council.
 11238 | D:10     | Noticed Nergalle
 11245 | D:10     | Noticed a spectral orc warlord
 11404 | Lair:1   | Entered Level 1 of the Lair of Beasts
 11450 | Lair:1   | Slain by a hippogriff

Levels and vault maps discovered:
D:1:      saegor_arrival_simple_a, layout_rooms
D:2:      wad_pebble_path, layout_rooms, nicolae_overflow_crystal_walls,
          uniq_sigmund
D:3:      layout_rooms, tgw_sif, nicolae_overflow_hidden_temple, first_ration
D:4:      layout_rooms, tso_oasis_becter, nicolae_qazlal_general_emergency,
          uniq_blork_the_orc
D:5:      layout_rooms, kennysheep_vampire_church, bloody_trog,
          nicolae_gozag_cash_rules_everything_around_me
D:6:      layout_rooms, gup_sewer_entry_spiral, st_stairs_14,
          hangedman_decor_growths
D:7:      layout_basic, fedhas_altar_1, yredelemnul_altar_generic,
          lemuel_round_altar, minmay_temple_entry_large_hall, uniq_harold
D:8:      layout_cave_pools, serial_shops, kennysheep_little_box, basic_altar,
          hangedman_little_slice_of_home, minmay_ruined_shrine
D:9:      layout_basic, okawaru_gym_becter, zin_angel,
          nicolae_ru_the_path_less_chosen, lair_entry_dummy,
          gammafunk_ghost_cemetery, due_unseen_surprise
D:10:     layout_roguey, kennysheep_orc_monster_closet_entryway, serial_undead,
          serial_undead_b, serial_undead_f, serial_undead_b, serial_undead_d,
          gammafunk_ghost_mausoleum, basic_altar, kennysheep_doodads,
          uniq_nergalle
Lair:1:   beast_lair_carwin_large_2, layout_regular_city,
          gauntlet_entry_generic, serial_bayou_lake_a, lemuel_fruit_tree

Skill      XL: |  1  2  3  4  5  6  7  8  9 10 |
---------------+-------------------------------+-----
Conjurations   | 1 2 3 5 6 7 |  7.0
Dodging        | 3 4 5 6 |  6.4
Stealth        | 3 |  3.0
Spellcasting   | 3 4 5 6 8 |  8.5
Fire Magic     | 3 4 6 7 |  7.0
Invocations    | 1 2 3 |  3.8
Fighting       | 3 4 5 |  5.0

Action                   |  1- 3 |  4- 6 |  7- 9 | 10-12 || total
-------------------------+-------+-------+-------+-------++-------
Melee: Club              |     8 |       |       |       ||     8
       Short sword       |     5 |       |       |       ||     5
       Dagger            |       |    31 |   146 |   176 ||   353
       Trident           |       |     5 |       |       ||     5
Throw: Stone             |    35 |    22 |    28 |    26 ||   111
       Javelin           |       |       |       |     7 ||     7
 Cast: Flame Tongue      |    49 |    79 |   171 |    72 ||   371
       Conjure Flame     |       |     1 |     1 |     7 ||     9
       Sticky Flame      |       |       |    36 |    45 ||    81
       Blink             |       |       |       |     1 ||     1
Evoke: Wand              |       |       |       |     7 ||     7
  Use: Scroll            |     3 |     6 |     8 |     6 ||    23
       Potion            |       |     4 |     2 |       ||     6
  Eat: Chunk             |     3 |     5 |    17 |    12 ||    37
       Ration            |       |       |     1 |     1 ||     2
Armor: Robe              |     7 |     6 |    76 |    50 ||   139
Dodge: Dodged            |    23 |    49 |   254 |   187 ||   513

Table legend:
 A = Non-vault XP
 B = Vault XP
 C = Vault XP percentage of total XP
 D = Non-vault monster count
 E = Vault monster count
 F = Vault count percentage of total count
                 A         B        C        D         E       F
            +---------+---------+-------+---------+---------+-------
      Total |    7968 |    2611 |  24.7 |     172 |      58 |  25.2
            +---------+---------+-------+---------+---------+-------
        D:1 |      31 |       0 |   0.0 |      16 |       0 |   0.0
        D:2 |      79 |     223 |  73.8 |      16 |       1 |   5.9
        D:3 |     275 |      39 |  12.4 |      14 |       1 |   6.7
        D:4 |     656 |      96 |  12.8 |      26 |       1 |   3.7
        D:5 |     598 |     125 |  17.3 |      16 |       6 |  27.3
        D:6 |     609 |     112 |  15.5 |       8 |       8 |  50.0
        D:7 |     676 |    1007 |  59.8 |      17 |       1 |   5.6
        D:8 |    1415 |     641 |  31.2 |      22 |      13 |  37.1
        D:9 |    2165 |       0 |   0.0 |      23 |       0 |   0.0
       D:10 |    1234 |     178 |  12.6 |      12 |       2 |  14.3
     Lair:1 |     230 |       0 |   0.0 |       2 |       0 |   0.0
      Sewer |       0 |     190 | 100.0 |       0 |      25 | 100.0
            +---------+---------+-------+---------+---------+-------
